 Dungeon Crawl Stone Soup version 0.31-a0-986-g5e6e4ef867 (webtiles) character file.

Game seed: 1981350901977125877

386 croobank the Firebug (level 6, -1/44 HPs)
             Began as a Demonspawn Fire Elementalist on Nov 20, 2023.
             Killed by divine providence
             ... invoked by an orc priest
              (11 damage)
             ... on level 4 of the Dungeon.
             The game lasted 00:11:36 (4867 turns).

croobank the Firebug (Demonspawn Fire Elementalist) Turns: 4867, Time: 00:11:37

Health: -1/44      AC:  2    Str:  9    XL:     6   Next: 48%
Magic:  0/10       EV: 12    Int: 18    God:
Gold:   240        SH:  4    Dex: 13    Spells: 5/11 levels left

rFire   . . .        A - +2 dagger (vamp)
rCold   . . .        (no shield)
rNeg    + . .        a - +0 robe
rPois   .            (helmet currently unavailable)
rElec   .            (cloak currently unavailable)
rCorr   .            (gloves currently unavailable)
SInv    .            (boots currently unavailable)
Will    .....        (no amulet)
Stlth   ++           e - ring of positive energy
HPRegen 0.27/turn    (no ring)
MPRegen 0.24/turn

%: guardian spirit
@: beast-form
A: beast (slay +0), large bone plates 1, foul stench 1, magic shield, magic
regeneration
a: Begin Untransformation


You were on level 4 of the Dungeon.
You were a hulking beast.
You visited 1 branch of the dungeon, and saw 5 of its levels.
You also visited: Sewer.

You collected 240 gold pieces.

Inventory:

Hand Weapons
 f - a +0 dagger
 m - a +0 war axe
 y - a +1 heavy flail
 z - a +0 sling
 A - a +2 vampiric dagger (weapon)
Missiles
 r - 3 darts of dispersal
 D - 2 poisoned darts
Armour
 a - a +0 robe (worn)
 F - a +1 helmet
 G - a +0 kite shield
Magical Staves
 k - a staff of conjuration
Jewellery
 e - a ring of positive energy (left hand)
Talismans
 n - a beast talisman (active)
Wands
 E - a wand of flame (19)
Scrolls
 d - a scroll of poison {unknown}
 g - a scroll of vulnerability {unknown}
 h - a scroll of immolation {unknown}
 o - a scroll of amnesia {unknown}
 q - a scroll of teleportation {unknown}
 t - a scroll of enchant weapon {unknown}
 u - a scroll of revelation {unknown}
 C - a scroll of fog {unknown}
Potions
 b - 2 potions of magic
 c - 4 potions of curing {unknown}
 i - a potion of invisibility {unknown}
 j - 4 potions of mutation {unknown}
 l - a potion of heal wounds {unknown}
 p - a potion of might {unknown}
 s - a potion of degeneration {unknown}
 v - a potion of attraction {unknown}
 w - a potion of berserk rage
 x - a potion of resistance {unknown}
 B - a potion of lignification {unknown}


   Skills:
 + Level 2.2 Fighting
 + Level 2.9 Dodging
 + Level 3.0 Stealth
 + Level 3.0 Spellcasting
 + Level 2.5 Conjurations
 + Level 1.9 Hexes
 + Level 3.5 Fire Magic


You had 5 spell levels left.
You knew the following spells:

 Your Spells              Type           Power      Damage    Failure   Level
a - Foxfire               Conj/Fire      52%        2x1d6     4%          1
b - Scorch                Fire           30%        2d6       5%          2
c - Inner Flame           Hex/Fire       12%        N/A       16%         3

Your spell library contained the following spells:

 Spells                   Type           Power      Damage    Failure   Level
 Magic Dart               Conj           44%        1d5       6%          1
 Searing Ray              Conj           22%        2d5       9%          2
 Cigotuvi's Dreadful Rot  Necr/Pois/Air  4%         N/A       24%         2
 Volatile Blastmotes      Fire/Tloc      18%        2d11      24%         3
 Flame Wave               Conj/Fire      13%        2d6       43%         4
 Fulminant Prism          Conj/Hex       5%         3d6       54%         4
 Dispel Undead            Necr           2%         3d7       85%         4
 Death Channel            Necr           1%         N/A       100%        6


Dungeon Overview and Level Annotations

Branches:
Dungeon (5/15)              Sewer (visited)
 Temple: D:4-7

Altars:
Cheibriados
Uskayaw

Annotations:
D:4 Sigmund


Innate Abilities, Weirdness & Mutations

You are a hulking beast.
Your limbs bulge with bestial killing power. (Slay +0)
You are partially covered in large bone plates. (SH +4)
You may rarely emit foul miasma when damaged in melee.
When hurt, damage is shared between your health and your magic reserves.
You regenerate magic rapidly.


Message History

You hear a shout!
The orc priest misses you. The kobold hits you but does no damage.
Casting: Scorch (safe; 6% risk of failure)
Confirm with . or Enter, or press ? or * to list all spells.
Flames lash the orc.
The orc is burned terribly!
You kill the orc!
The orc priest closely misses you.
An orc comes into view. It is wielding a +0 club.
The kobold closely misses you.
You closely miss the orc priest.
The orc priest hits you with a +0 flail.
You hit the orc priest.
You feel better.
The orc priest is lightly wounded.
The orc priest hits you with a +0 flail.
You hit the orc priest.
You feel better.
The orc priest is lightly wounded.
The orc priest barely misses you. Something hits you!
You hit the orc priest.
The orc priest is moderately wounded.
The orc priest barely misses you.
You hit the orc priest.
You feel better.
The orc priest is heavily wounded.
Something hits you! You block the orc priest's attack.
You hit the orc priest.
You feel better.
The orc priest is heavily wounded.
The orc priest closely misses you. Something hits you.
Casting: Scorch (safe; 5% risk of failure)
Confirm with . or Enter, or press ? or * to list all spells.
Flames lash something.
The orc priest looks encouraged for a moment.
Casting: Scorch (safe; 5% risk of failure)
Confirm with . or Enter, or press ? or * to list all spells.
You don't have enough magic to cast this spell.
You closely miss the orc priest.
The orc priest is heavily wounded.
Something hits you!
* * * LOW HITPOINT WARNING * * *
The orc priest calls down the wrath of Beogh upon you.
Beogh smites you!
You die...

# ##...# ##. #.
#..... ..# #..
#..#...<# #.##.#
##.
##..#....#####.##.#
##
............##.##.#
##.....oo##.##.##.#
.....){K# #.##.##.#
###...#o#
#.##.##.###### #..
#h# #.##.([.......
#.
#.###.......######
.. #........#### ..
########## #


You could see an orc priest, 2 orcs and a kobold.

Vanquished Creatures
  A water moccasin (Sewer)
  An orc priest (D:4)
  An orc wizard (D:3)
  Terence (D:3)
  Robin (D:4)
  4 adders
  4 gnolls
  2 worms
  3 dart slugs
  10 orcs
  10 bats
  6 endoplasms
  4 giant cockroaches (D:3)
  16 goblins
  11 hobgoblins
  4 jackals
  A quokka (D:2)
  3 ball pythons
  3 frilled lizards (D:3)
  3 kobolds
  6 rats
95 creatures vanquished.

Vanquished Creatures (others)
  143 foxfires
143 creatures vanquished.

Grand Total: 238 creatures vanquished

Notes
Turn   | Place    | Note
-------+----------+-------------------------------------------
     0 | D:1      | croobank the Demonspawn Fire Elementalist began the quest
                  | for the Orb.
     0 | D:1      | Reached XP level 1. HP: 13/13 MP: 3/3
   374 | D:1      | Gained mutation: You are partially covered in large bone
                  | plates. (SH +4) [demonic ancestry]
   374 | D:1      | Reached XP level 2. HP: 16/19 MP: 5/5
   416 | D:1      | Learned a level 2 spell: Scorch
  1590 | D:2      | Gained mutation: You may rarely emit foul miasma when
                  | damaged in melee. [demonic ancestry]
  1590 | D:2      | Reached XP level 3. HP: 24/25 MP: 0/6
  1594 | D:2      | Learned a level 3 spell: Inner Flame
  2231 | D:2      | Found a hide-covered altar of Uskayaw.
  2487 | D:3      | Reached skill level 1 in Fighting
  2506 | D:3      | Reached XP level 4. HP: 25/32 MP: 1/7
  2535 | D:3      | Found a glowing drain.
  2567 | Sewer    | Entered a sewer
  2666 | Sewer    | Noticed a water moccasin
  2676 | Sewer    | Killed a water moccasin
  2677 | Sewer    | Reached skill level 1 in Hexes
  2677 | Sewer    | Gained mutation: You regenerate magic rapidly. [demonic
                  | ancestry]
  2677 | Sewer    | Reached XP level 5. HP: 26/38 MP: 0/9
  3314 | D:3      | Noticed Terence
  3323 | D:3      | Killed Terence
  3488 | D:3      | Found a snail-covered altar of Cheibriados.
  3651 | D:4      | Noticed Robin
  3660 | D:4      | Killed Robin
  3661 | D:4      | Gained mutation: When hurt, damage is shared between your
                  | health and your magic reserves. [demonic ancestry]
  3661 | D:4      | Reached XP level 6. HP: 44/44 MP: 1/10
  4280 | D:5      | Entered Level 5 of the Dungeon
  4867 | D:4      | Killed from afar by an orc priest

Illustrated notes

Levels and vault maps discovered:
D:1:      psy_arrival_spokes, layout_loops_corners,
          nicolae_twisty_statue_hallways
D:2:      layout_basic, basic_altar, serial_bayou_ford_a
D:3:      layout_loops_cross, mainiacjoe_overflow_small_starburst,
          mainiacjoe_sewer_entry_somewhere_in_here_2, uniq_terence
D:4:      layout_loops_ring, kennysheep_vampire_church, zin_angel,
          minmay_tree_intersection, chequers_serial_rivers_micro_c,
          grunt_ministairs_8, minmay_circle_x, uniq_sigmund, uniq_blork_the_orc,
          uniq_robin
D:5:      layout_loops_ring, gammafunk_temple_overflow_forgotten,
          grunt_temple_overflow_diamond, lemuel_temple_firewalk_b,
          amcnicky_mini_rare_corridor_liquid, uniq_eustachio

Skill      XL: |  1  2  3  4  5  6 |
---------------+-------------------+-----
Stealth        | 2 3 |  3.0
Dodging        | 2 |  2.9
Fire Magic     | 3 |  3.5
Fighting       | 1 2 |  2.2
Conjurations   | 2 |  2.5
Hexes          | 1 |  1.9
Spellcasting   | 3 |  3.0

Action                     |  1- 3 |  4- 6 || total
---------------------------+-------+-------++-------
  Melee: Dagger            |    32 |    90 ||   122
   Cast: Foxfire           |    31 |    51 ||    82
         Scorch            |    18 |    39 ||    57
   Stab: Sleeping          |     3 |       ||     3
 Armour: Robe              |    26 |    71 ||    97
  Dodge: Dodged            |    31 |    64 ||    95
  Block: Other             |     6 |    21 ||    27
   Form: Beast             |     1 |       ||     1

Table legend: (Time is in decaauts)
 A = Elapsed time spent in this place.
 B = Non-inter-level travel time spent in this place.
 C = Inter-level travel time spent in this place.
 D = Time resting spent in this place.
 E = Time spent auto-exploring this place.
 F = Levels seen in this place.
 G = Mean time per level.
                   A        B        C        D        E       F      G
               +--------+--------+--------+--------+--------+-----+--------+
         Total |   4897 |   4818 |     79 |   1675 |   2194 |   6 |  816.2 |
       Dungeon |   4695 |   4616 |     79 |   1556 |   2194 |   5 |  939.0 |
         Sewer |    202 |    202 |      0 |    119 |      0 |   1 |  202.0 |
               +--------+--------+--------+--------+--------+-----+--------+

Top non-repeatable levels by time:
     D:1: 1560 daAuts
     D:3: 1522 daAuts
     D:2: 815 daAuts
     D:4: 460 daAuts
     D:5: 337 daAuts
   Sewer: 202 daAuts
